 Dungeon Crawl Stone Soup version 0.28.0-45-g0d030f2227 (webtiles) character file.

Game seed: 1545566118175780373

82 101zpm the Covered (level 4, -2/29 HPs)
             Began as a Gargoyle Fighter on Apr 8, 2022.
             Slain by Sigmund
             ... wielding a +2 scythe of venom
              (3 damage)
             ... on level 2 of the Dungeon.
             The game lasted 00:05:11 (1961 turns).

101zpm the Covered (Gargoyle Fighter)               Turns: 1961, Time: 00:05:12

Health: -2/29      AC: 10    Str: 22    XL:     4   Next: 43%
Magic:  4/4        EV:  9    Int:  8    God:
Gold:   103        SH:  5    Dex: 15    Spells: 3/3 levels left

rFire   . . .      SeeInvis .   a - +0 flail
rCold   . . .      Faith    .   c - +0 buckler
rNeg    + . .      Spirit   .   b - +0 scale mail
rPois   ∞          Reflect  .   (no helmet)
rElec   +          Harm     .   (no cloak)
rCorr   .          Rampage  .   (no gloves)
Will    .....                   (no boots)
Stlth   ..........              o - amulet of magic regeneration
HPRegen 0.09/turn               p - +6 ring of dexterity
MPRegen 0.49/turn               (no ring)

@: no status effects
A: sickness immunity, AC +3, negative energy resistance 1, electricity
resistance, torment resistance 1, petrification resistance
a: no special abilities


You were on level 2 of the Dungeon.
You visited 1 branch of the dungeon, and saw 4 of its levels.

You collected 103 gold pieces.

Inventory:

Hand Weapons
 a - a +0 flail (weapon)
Missiles
 e - 2 poisoned darts (quivered)
 i - 5 boomerangs
Armour
 b - a +0 scale mail (worn)
 c - a +0 buckler (worn)
Jewellery
 o - an amulet of magic regeneration (around neck)
 p - a +6 ring of dexterity (left hand)
Scrolls
 f - a scroll of noise {unknown}
 g - 4 scrolls of identify {unknown}
 k - a scroll of enchant armour {unknown}
 l - a scroll of immolation {unknown}
 m - a scroll of silence {unknown}
Potions
 d - a potion of might
 h - a potion of lignification {unknown}
 j - a potion of cancellation {unknown}
 n - 2 potions of degeneration {unknown}
 q - a potion of flight {unknown}


   Skills:
 + Level 3.7 Fighting
 + Level 3.0 Maces & Flails
 + Level 3.8 Armour
 + Level 0.9 Dodging
 + Level 0.2 Stealth
 + Level 3.7 Shields


You had 3 spell levels left.
You didn't know any spells.
Your spell library contained the following spells:

 Spells                   Type           Power      Damage    Failure   Level
 Animate Skeleton         Necr           0%         N/A       82%         1
 Apportation              Tloc           0%         N/A       82%         1
 Summon Small Mammal      Summ           0%         N/A       82%         1
 Portal Projectile        Hex/Tloc       0%         N/A       99%         3
 Blade Hands              Tmut           0%         N/A       100%        5
 Excruciating Wounds      Necr           0%         N/A       100%        5


Dungeon Overview and Level Annotations

Branches:
Dungeon (4/15)
 Temple: D:4-7

Altars:
Kikubaaqudgha

Annotations:
D:2 Sigmund
D:3 Grinder


Innate Abilities, Weirdness & Mutations

You are immune to sickness and miasma.
Your stone body is resilient. (AC +3)
You are immune to poison.
You resist negative energy. (rN+)
You are resistant to electric shocks. (rElec)
You are resistant to unholy torment.
You are immune to petrification.


Message History

You are too injured to fight recklessly!
You are too injured to fight recklessly!
You are too injured to fight recklessly!
You are too injured to fight recklessly!
You are too injured to fight recklessly!
You are too injured to fight recklessly!
You are too injured to fight recklessly!
You are too injured to fight recklessly!
You are too injured to fight recklessly!
You are too injured to fight recklessly!
You are too injured to fight recklessly!
You barely miss Sigmund.
Sigmund is severely wounded.
Sigmund gestures at you while chanting.
The puff of flame hits you but does no damage.
You closely miss Sigmund.
Sigmund is severely wounded.
Sigmund drinks a potion.
Sigmund is healed!
You barely miss Sigmund.
Sigmund is heavily wounded.
You block Sigmund's attack.
You barely miss Sigmund.
Sigmund is heavily wounded.
You block Sigmund's attack.
You closely miss Sigmund.
Sigmund is heavily wounded.
Sigmund points at you and mumbles some strange words.
The magic dart hits you!
* * * LOW HITPOINT WARNING * * *
You barely miss Sigmund.
Sigmund is heavily wounded.
Sigmund hits you with a +2 scythe of venom.
* * * LOW HITPOINT WARNING * * *
You closely miss Sigmund.
Sigmund is heavily wounded.
Sigmund mumbles some strange words.
Sigmund flickers and vanishes!
Deactivating autopickup; reactivate with Ctrl-A.
You miss something. Something hits you.
You die...

.#.##...#######....
#....##### #.### #.....
##.## #.....#######
#...#
...........###...##
..##.......##..... . #
#.##..._...##....#
....#.#.##).............
......{@.)..............
....#.#####.###.........
. # ...# #####....#
....# #..... #####
#...## ###...## #.......
#.##.##. ####.##.##.


There were no monsters in sight!

Vanquished Creatures
  An orc wizard (D:3)
  A hound skeleton (D:3)
  3 orcs
  6 bats
  3 endoplasms (D:1)
  4 giant cockroaches
  2 goblins
  2 hobgoblins
  2 ball pythons
  9 frilled lizards
  5 kobolds
  6 rats
44 creatures vanquished.

Notes
Turn   | Place    | Note
-------+----------+-------------------------------------------
     0 | D:1      | 101zpm the Gargoyle Fighter began the quest for the Orb.
     0 | D:1      | Reached XP level 1. HP: 14/14 MP: 1/1
   134 | D:1      | Reached XP level 2. HP: 19/19 MP: 2/2
   234 | D:2      | Noticed Sigmund
   529 | D:1      | Reached XP level 3. HP: 23/23 MP: 3/3
   839 | D:3      | Noticed Grinder
   877 | D:2      | Found an ancient bone altar of Kikubaaqudgha.
  1786 | D:3      | Reached XP level 4. HP: 29/29 MP: 4/4
  1807 | D:3      | Paralysed by Grinder for 3 turns
  1959 | D:2      | HP: 1/29 [Sigmund/+2 scythe of venom (1)]
  1961 | D:2      | Slain by Sigmund

Illustrated notes

Levels and vault maps discovered:
D:1:      saegor_arrival_simple_c, layout_rooms, chequers_garden,
          minmay_crystal_room
D:2:      layout_loops_cross, basic_altar, uniq_sigmund
D:3:      layout_rooms, uniq_grinder
D:4:      layout_basic, uniq_eustachio

Skill      XL: |  1  2  3 |
---------------+----------+-----
Maces & Flails | 3 |  3.0
Fighting       | |  3.7
Armour         | |  3.8
Dodging        | |  0.9
Stealth        | |  0.2
Shields        | |  3.7

Action                   |  1- 3 |  4- 6 || total
-------------------------+-------+-------++-------
Melee: Flail             |   148 |    21 ||   169
Armor: Scale mail        |   115 |     6 ||   121
Dodge: Dodged            |    84 |     2 ||    86
Block: Buckler           |    46 |     4 ||    50
